 Dungeon Crawl Stone Soup version 0.31-a0-1-g4198be8af4 (webtiles) character file.

Game seed: 2375667636136757129

20091 voltaire321 the Covert (level 13, -1/78 HPs)
             Began as a Kobold Enchanter on May 1, 2023.
             Was an Elder of Wu Jian.
             Slain by a death yak (22 damage)
             ... on level 1 of the Lair of Beasts.
             The game lasted 00:39:31 (14199 turns).

voltaire321 the Covert (Kobold Enchanter)          Turns: 14199, Time: 00:39:31

Health: -1/78      AC: 15    Str:  9    XL:     13   Next: 9%
Magic:  1/33       EV: 21    Int: 16    God:    Wu Jian [****..]
Gold:   1237       SH:  5    Dex: 26    Spells: 15/27 levels left

rFire   + . .        K - +9 short sword of Dullness {heavy, rN+ MP+9 Dex+3}
rCold   + . .        (no shield)
rNeg    + . .        J - +2 ring mail {rPois}
rPois   +            j - +2 helmet {SInv}
rElec   .            O - scarf {rC+ rF+}
rCorr   +            s - +0 pair of gloves
SInv    +            x - +1 pair of boots
Will    .....        a - amulet of reflection
Stlth   ++++++       n - +6 ring of dexterity
HPRegen 0.33/turn    l - ring of resist corrosion
MPRegen 0.23/turn

%: reflection
@: no status effects
A: small, no large weapons, nightstalker 3
a: Renounce Religion, Wall Jump, Serpent's Lash


You were on level 1 of the Lair of Beasts.
You worshipped Wu Jian.
Wu Jian was greatly pleased with you.
You visited 3 branches of the dungeon, and saw 13 of its levels.
You also visited: Sewer and Bailey.

You collected 1237 gold pieces.

Inventory:

Hand Weapons
 b - the +3 quick blade "Degg" {venom, rF+ rN++ Int+2}
   (You acquired it on level 6 of the Dungeon)

   Int:       It affects your intelligence (+2).
   rF:        It protects you from fire.
   rN:        It greatly protects you from negative energy.
 p - a +1 rapier
 K - the +9 short sword of Dullness (weapon) {heavy, rN+ MP+9 Dex+3}
   (You found it on level 7 of the Dungeon)

   Dex:       It affects your dexterity (+3).
   rN:        It protects you from negative energy.
   MP:        It affects your magic capacity (+9).
Missiles
 g - a throwing net
 r - 32 poisoned darts
 L - 15 curare-tipped darts
 M - 4 datura-tipped darts
Armour
 j - a +2 helmet of see invisible (worn)
 s - a +0 pair of gloves (worn)
 x - a +1 pair of boots (worn)
 J - a +2 ring mail of poison resistance (worn)
 O - a scarf of resistance (worn)
Jewellery
 a - an amulet of reflection (around neck)
 l - a ring of resist corrosion (right hand)
 n - a +6 ring of dexterity (left hand)
 C - a ring of flight
Wands
 y - a wand of roots (26)
 A - a wand of digging (8)
 G - a wand of polymorph (13)
Scrolls
 q - 6 scrolls of enchant weapon
 u - a scroll of magic mapping
 z - a scroll of amnesia
 N - a scroll of silence
Potions
 c - 2 potions of haste
 d - a potion of magic {unknown}
 e - 2 potions of resistance
 f - 4 potions of flight
 i - 3 potions of mutation {unknown}
 o - a potion of lignification
 t - 2 potions of brilliance
 v - 3 potions of ambrosia
 w - 2 potions of degeneration {unknown}
 B - 2 potions of cancellation
 D - a potion of might
 E - 5 potions of curing
 F - a potion of heal wounds {unknown}
 H - a potion of attraction {unknown}


   Skills:
 + Level 7.9 Fighting
 + Level 9.6 Short Blades
 + Level 5.8 Armour
 * Level 10.4 Dodging
 + Level 13.0 Stealth
 + Level 7.7 Spellcasting
 + Level 7.9 Hexes
 - Level 5.0 Ice Magic


You had 15 spell levels left.
You knew the following spells:

 Your Spells              Type           Power      Damage    Failure   Level
a - Ensorcelled Hibernat  Hex/Ice        52%        N/A       3%          2
b - Confusing Touch       Hex            31%        N/A       3%          3
c - Tukima's Dance        Hex            31%        N/A       3%          3
d - Cause Fear            Hex            15%        N/A       11%         4

Your spell library contained the following spells:

 Spells                   Type           Power      Damage    Failure   Level
 Dazzling Flash           Conj/Hex       36%        N/A       17%         3
 Apportation              Tloc           12%        N/A       28%         1
 Sublimation of Blood     Necr           6%         N/A       38%         2
 Anguish                  Hex/Necr       9%         N/A       50%         4
 Leda's Liquefaction      Hex/Erth       9%         N/A       50%         4
 Petrify                  Tmut/Erth      6%         N/A       95%         4
 Alistair's Intoxication  Tmut/Pois      4%         N/A       100%        5
 Irradiate                Conj/Tmut      3%         3d12      100%        5
 Lee's Rapid Deconstruct  Erth           3%         3d5*      100%        5
 Statue Form              Tmut/Erth      4%         N/A       100%        6
 Enfeeble                 Hex            15%        N/A       100%        7
 Chain Lightning          Conj/Air       3%         3d4       100%        9
 Fire Storm               Conj/Fire      3%         8d1       100%        9
 Shatter                  Erth           3%         3d7*      100%        9


Dungeon Overview and Level Annotations

Branches:
Dungeon (11/15)            Temple (1/1) D:4            Lair (1/5) D:11
    Orc (0/2) D:10          Sewer (visited)          Bailey (visited)

Altars:
Ashenzari
Cheibriados
Dithmenos
Elyvilon
Fedhas
Gozag
Hepliaklqana
Kikubaaqudgha
Makhleb
Nemelex Xobeh
Okawaru
Qazlal
Ru
Sif Muna
Trog
Uskayaw
Vehumet
Wu Jian
Xom
Yredelemnul
Zin
The Shining One

Annotations:
D:4 Edmund
Lair:1 2 transporters


Innate Abilities, Weirdness & Mutations

You are small and have problems with some larger weapons.
You are completely attuned to the shadows.


Message History

You block the death yak's attack. The death yak attacks as you move away!
The death yak closely misses you. The death yak attacks as you move away!
The death yak completely misses you.
Casting: Ensorcelled Hibernation (safe; 3% risk of failure)
Confirm with . or Enter, or press ? or * to list all spells.
Casting: Cause Fear (dangerous; 11% risk of failure)
Press: ? - help, Dir - look around, f - activate Look: a death yak (lightly wounded, chance to affect: 9%)
The death yak resists with almost no effort.
The death yak looks frightened!
The death yak misses you.
Aiming: Ensorcelled Hibernation (safe; 3% risk of failure)
Press: ? - help, Q - select action, (/) - cycle Shift-Dir - straight line, f - death yak, p - death yak
Aim: a death yak (moderately wounded, chance to affect: 4%)
The death yak resists with almost no effort.
The death yak gores you but does no damage.
Aiming: Ensorcelled Hibernation (safe; 3% risk of failure)
Press: ? - help, Q - select action, (/) - cycle Shift-Dir - straight line, f/p - death yak
Aim: a death yak (moderately wounded, chance to affect: 4%)
The death yak resists with almost no effort.
The death yak barely misses you.
Aiming: Ensorcelled Hibernation (safe; 3% risk of failure)
Press: ? - help, Q - select action, (/) - cycle Shift-Dir - straight line, f/p - death yak
Aim: a death yak (moderately wounded, chance to affect: 4%)
The death yak resists with almost no effort.
The death yak misses you. The death yak attacks as you move away!
The death yak gores you but does no damage.
The death yak attacks as you move away! The death yak misses you.
The death yak attacks as you move away! The death yak closely misses you.
The death yak attacks as you move away! The death yak closely misses you.
Casting: Ensorcelled Hibernation (safe; 3% risk of failure)
Confirm with . or Enter, or press ? or * to list all spells.
Casting: Cause Fear (dangerous; 11% risk of failure)
Press: ? - help, Dir - look around, f - activate The death yak resists with almost no effort.
The death yak gores you!
* * * LOW HITPOINT WARNING * * *
The death yak attacks as you move away! The death yak misses you.
The death yak attacks as you move away! The death yak gores you!!
You die...

#..........#####..........# #.#.#
..........P# #..........#
..........## ##..........#
........##.# #...........#
........##.# #...........##
......###### #............#
......# #..........### ## ......#
### ##........## ..#
...########.####@........#####.#
...####..P##...Y..........##...##
....##...........................
.................................
........#........................
.........####....................
.........#...###.. ............
................# ...............
......>.........##...............


You could see a death yak.

Vanquished Creatures
  Harold (D:9)
  The ghost of mattengel8991 the Carver, a journeyman FoFi of Fedhas (D:9)
  2 boulder beetles (D:11)
  A catoblepas (Lair:1)
  5 two-headed ogres
  A death yak (Lair:1)
  An orc knight (Bailey)
  2 manticores (D:11)
  A black mamba (Lair:1)
  4 cane toads (Lair:1)
  2 unseen horrors (D:11)
  Maggie (D:7)
  A komodo dragon (Lair:1)
  2 rime drakes
  3 trolls
  Grinder (D:6)
  Prince Ribbit (D:7)
  3 wraiths
  2 wyverns (Lair:1)
  A basilisk (Lair:1)
  10 yaks
  A steam dragon (D:7)
  An acid dragon (D:10)
  Duvessa (D:7)
  4 water moccasins
  2 sky beasts
  9 orc warriors
  2 black bears
  7 ice beasts
  2 centaurs
  8 wolves
  A phantom (D:4)
  9 kobold brigands
  2 bullfrogs (D:7)
  2 gnoll sergeants
  5 scorpions
  4 wights (D:7)
  Dowan (D:7)
  7 killer bees
  2 electric eels (Lair:1)
  2 jellies
  2 iguanas
  3 orc priests
  A hound (D:6)
  2 sleepcaps (D:5)
  8 orc wizards
  A hell rat (Sewer)
  Robin (D:4)
  5 adders
  12 gnolls
  A river rat (Sewer)
  A shadow imp (D:8)
  2 white imps
  2 ufetubi (D:6)
  2 worms
  2 dart slugs
  41 orcs
  5 ball pythons
  4 bats
  4 endoplasms
  4 giant cockroaches
  24 goblins
  6 hobgoblins
  7 quokkas
  2 frilled lizards (D:1)
  21 kobolds
  9 rats
290 creatures vanquished.

Vanquished Creatures (others)
  A dancing weapon (D:5)
  2 fungi (Lair:1)
  A plant (Lair:1)
4 creatures vanquished.

Grand Total: 294 creatures vanquished

Notes
Turn   | Place    | Note
-------+----------+-------------------------------------------
     0 | D:1      | voltaire321 the Kobold Enchanter began the quest for the
                  | Orb.
     0 | D:1      | Reached XP level 1. HP: 10/10 MP: 3/3
    91 | D:1      | Reached XP level 2. HP: 11/15 MP: 5/5
   467 | D:1      | Reached XP level 3. HP: 20/20 MP: 6/6
   691 | D:1      | Learned a level 2 spell: Ensorcelled Hibernation
   846 | D:1      | Found a faded altar of an unknown god.
  1287 | D:2      | Learned a level 3 spell: Confusing Touch
  1392 | D:2      | Reached skill level 5 in Stealth
  1407 | D:2      | Reached skill level 1 in Fighting
  1407 | D:2      | Reached XP level 4. HP: 25/25 MP: 7/7
  1542 | D:2      | Found a shimmering altar of Xom.
  2465 | D:3      | Reached XP level 5. HP: 22/29 MP: 1/8
  3406 | D:3      | Reached skill level 1 in Armour
  3406 | D:3      | Reached skill level 1 in Ice Magic
  3623 | D:4      | Noticed a black bear
  3636 | D:4      | Killed a black bear
  3637 | D:4      | Reached skill level 6 in Stealth
  3637 | D:4      | Reached XP level 6. HP: 35/35 MP: 4/10
  3690 | D:4      | Noticed Robin
  3834 | D:4      | Killed Robin
  4124 | D:4      | Noticed Edmund
  4396 | D:4      | Reached XP level 7. HP: 40/40 MP: 11/11
  4425 | D:4      | Found a staircase to the Ecumenical Temple.
  4431 | Temple   | Entered the Ecumenical Temple
  4441 | Temple   | Became a worshipper of the Wu Jian Council
  4689 | D:5      | Entered Level 5 of the Dungeon
  4847 | D:5      | Learned a level 3 spell: Tukima's Dance
  4899 | D:5      | Found a sparkling altar of Nemelex Xobeh.
  4903 | D:5      | Found a broken altar of Ashenzari.
  4960 | D:5      | Found a blossoming altar of Fedhas.
  5214 | D:5      | Reached skill level 7 in Stealth
  5227 | D:5      | Reached XP level 8. HP: 45/45 MP: 13/13
  5952 | D:6      | Found a glowing drain.
  6012 | Sewer    | Entered a sewer
  6055 | Sewer    | Reached * piety under Wu Jian
  6221 | D:6      | Identified the +1 robe of Leapfrog {rC+}
  6360 | D:6      | Noticed Grinder
  6414 | D:6      | Identified a scroll of acquirement
  6414 | D:6      | Acquired the +3 quick blade "Degg" {venom, rF+ rN++ Int+2}
  6484 | D:6      | Paralysed by Grinder for 5 turns
  6493 | D:6      | Killed Grinder
  6494 | D:6      | Reached skill level 8 in Stealth
  6628 | D:6      | Found a snail-covered altar of Cheibriados.
  6922 | D:7      | Noticed Maggie
  6930 | D:7      | Killed Maggie
  6931 | D:7      | Reached XP level 9. HP: 29/52 MP: 13/15
  7023 | D:7      | Noticed Dowan
  7024 | D:7      | Noticed Duvessa
  7039 | D:7      | Killed Dowan
  7040 | D:7      | Reached skill level 5 in Short Blades
  7046 | D:7      | Killed Duvessa
  7047 | D:7      | Reached skill level 5 in Dodging
  7144 | D:7      | Learned a level 4 spell: Cause Fear
  7318 | D:7      | Reached skill level 9 in Stealth
  7364 | D:7      | Identified the +9 short sword of Dullness {heavy, rN+ MP+9
                  | Dex+3}
  7452 | D:7      | Noticed Prince Ribbit
  7456 | D:7      | Killed Prince Ribbit
  7612 | D:7      | Reached skill level 5 in Hexes
  7905 | D:7      | Reached XP level 10. HP: 58/58 MP: 17/17
  8173 | D:8      | Reached skill level 10 in Stealth
  8177 | D:8      | Reached ** piety under Wu Jian
  8238 | D:8      | Found a flagged portal.
  8263 | Bailey   | Entered a bailey
  8321 | Bailey   | Reached skill level 5 in Spellcasting
  8372 | Bailey   | Noticed an orc knight
  8399 | Bailey   | Killed an orc knight
  8400 | Bailey   | Reached skill level 5 in Fighting
  8581 | Bailey   | Found an iron altar of Okawaru.
  8685 | D:8      | Identified the +2 robe of Plog {Int+5 Dex+2 Slay+2 Stlth-}
  8837 | D:8      | Identified the scarf "Girch" {harm, Str+3}
  9849 | D:9      | Noticed Harold
  9857 | D:9      | Killed Harold
  9963 | D:9      | Reached skill level 11 in Stealth
  9974 | D:9      | Found a runed translucent door.
 10328 | D:9      | Noticed a two-headed ogre
 10332 | D:9      | Killed a two-headed ogre
 10333 | D:9      | Reached skill level 5 in Ice Magic
 10333 | D:9      | Reached XP level 11. HP: 64/64 MP: 20/20
 10506 | D:9      | Noticed mattengel8991's ghost (journeyman FoFi)
 10510 | D:9      | Killed mattengel8991's ghost
 10559 | D:10     | Entered Level 10 of the Dungeon
 10868 | D:10     | Identified the +3 spear of the Shimmering Spider {flame,
                  | rN+ Int+5}
 10993 | D:10     | Noticed a two-headed ogre
 10998 | D:10     | Killed a two-headed ogre
 10998 | D:10     | Reached *** piety under Wu Jian
 11502 | D:10     | Found the +5 woodcutter's axe
 11598 | D:10     | Found a staircase to the Orcish Mines.
 11808 | D:11     | Noticed a two-headed ogre
 11810 | D:11     | Killed a two-headed ogre
 11823 | D:11     | Noticed a manticore
 11826 | D:11     | Killed a manticore
 11982 | D:11     | Reached skill level 12 in Stealth
 11989 | D:11     | Reached skill level 5 in Armour
 11991 | D:11     | Noticed a boulder beetle
 12004 | D:11     | Noticed a two-headed ogre
 12009 | D:11     | Killed a boulder beetle
 12009 | D:11     | Reached **** piety under Wu Jian
 12010 | D:11     | Reached XP level 12. HP: 57/71 MP: 22/22
 12011 | D:11     | Killed a two-headed ogre
 12150 | D:11     | Found an iron altar of Okawaru.
 12197 | D:11     | Found a staircase to the Lair.
 12537 | D:11     | Noticed a two-headed ogre
 12545 | D:11     | Killed a two-headed ogre
 12697 | D:11     | Noticed a boulder beetle
 12706 | D:11     | Killed a boulder beetle
 13273 | Lair:1   | Entered Level 1 of the Lair of Beasts
 13373 | Lair:1   | Found a transporter.
 13374 | Lair:1   | Found a transporter.
 13376 | Lair:1   | Noticed a boulder beetle
 13382 | Lair:1   | Noticed a boulder beetle
 13449 | Lair:1   | Noticed a death yak
 13450 | Lair:1   | Noticed a death yak
 13450 | Lair:1   | Noticed a death yak
 13717 | Lair:1   | Reached skill level 10 in Dodging
 14068 | Lair:1   | Noticed a catoblepas
 14070 | Lair:1   | Killed a catoblepas
 14071 | Lair:1   | Reached XP level 13. HP: 78/78 MP: 24/24
 14163 | Lair:1   | Reached skill level 13 in Stealth
 14199 | Lair:1   | Slain by a death yak

Illustrated notes

Levels and vault maps discovered:
D:1:      minmay_arrival_shoal_huts, layout_basic,
          hellmonk_ecumenical_altar_crossroads
D:2:      layout_basic, basic_altar
D:3:      layout_basic, minmay_circle_x
D:4:      layout_gridville, minmay_temple_entry_enclosed_plants, hex_large,
          minmay_misc_feat_tower, uniq_edmund, uniq_pikel, uniq_robin
D:5:      layout_basic, grunt_temple_overflow_open,
          hangedman_decor_diamond_cutter
D:6:      layout_loops_ring, cheibrodos_worm_habitat,
          cheibrodos_sewer_entry_drain, uniq_grinder
D:7:      layout_loops_ring, amcnicky_mini_pool_small, uniq_maggie,
          uniq_duvessa, uniq_prince_ribbit1, uniq_crazy_yiuf_cottage
D:8:      layout_loops_corners, enter_bailey_5
D:9:      layout_gridville, ebering_ghost_reflecting_pool, uniq_harold
D:10:     layout_layer_cave, david_orc_5
D:11:     layout_cave_pods, hellmonk_lair_entry_icy, serial_park,
          serial_park_tiny_pond, serial_park_square1
          [serial_park_minivault_5x5_4], serial_park_tiny_1, serial_park_tiny_1,
          st_stairs_2
Temple:   eino_narrow_crystal_temple
Lair:1:   gammafunk_boulding_lane, layout_hall_layers,
          nicolae_quartered_pool_medium, serial_bayou_pond_e, grunt_megastairs_3

Skill      XL: |  1  2  3  4  5  6  7  8  9 10 11 12 13 |
---------------+----------------------------------------+-----
Stealth        | 5 6 7 8 9 11 12 13 | 13.0
Fighting       | 1 2 3 4 5 6 7 |  7.9
Short Blades   | 2 3 4 5 7 8 9 |  9.6
Armour         | 1 2 3 4 5 |  5.8
Dodging        | 3 4 5 6 8 10 | 10.4
Ice Magic      | 1 2 3 5 |  5.0
Spellcasting   | 3 4 6 7 |  7.7
Hexes          | 4 5 6 7 |  7.9

Action                     |  1- 3 |  4- 6 |  7- 9 | 10-12 | 13-15 || total
---------------------------+-------+-------+-------+-------+-------++-------
  Melee: Dagger            |    72 |   163 |    81 |       |       ||   316
         Punch             |       |     3 |     5 |     2 |       ||    10
         Quick blade       |       |       |    81 |       |       ||    81
         Short sword       |       |       |    25 |   450 |     6 ||   481
  Throw: Dart              |       |       |       |       |     1 ||     1
   Cast: Ensorcelled Hiber |       |    23 |     8 |    33 |    17 ||    81
         Tukima's Dance    |       |       |     4 |       |       ||     4
         Confusing Touch   |       |       |     2 |     1 |       ||     3
         Cause Fear        |       |       |       |       |     2 ||     2
Ability: Lunge             |       |       |    24 |    45 |     1 ||    70
         Whirlwind         |       |       |     3 |   116 |     1 ||   120
    Use: Potion            |       |     2 |     1 |     3 |       ||     6
         Scroll            |       |       |    10 |    12 |     1 ||    23
   Stab: Sleeping          |    20 |    23 |    33 |    46 |     2 ||   124
         Distracted        |       |     1 |     1 |     5 |       ||     7
         Invisible         |       |       |     2 |     2 |       ||     4
         Confused          |       |       |     2 |     1 |       ||     3
 Armour: Robe              |    14 |    50 |    19 |       |       ||    83
         Ring mail         |       |       |     4 |   101 |     6 ||   111
         Skin              |       |       |       |     2 |       ||     2
  Dodge: Dodged            |    44 |   130 |    74 |   294 |    26 ||   568
  Block: Other             |       |       |     1 |    78 |     2 ||    81
         Reflection        |       |       |       |     1 |       ||     1

Table legend: (Time is in decaauts)
 A = Elapsed time spent in this place.
 B = Non-inter-level travel time spent in this place.
 C = Inter-level travel time spent in this place.
 D = Time resting spent in this place.
 E = Time spent auto-exploring this place.
 F = Levels seen in this place.
 G = Mean time per level.
                   A        B        C        D        E       F      G
               +--------+--------+--------+--------+--------+-----+--------+
         Total |  14186 |  13702 |    484 |   1836 |   9062 |  15 |  945.7 |
       Dungeon |  12554 |  12082 |    472 |   1244 |   8553 |  11 | 1141.3 |
        Temple |    230 |    218 |     12 |      0 |    198 |   1 |  230.0 |
          Lair |    928 |    928 |      0 |    414 |    271 |   1 |  928.0 |
         Sewer |    113 |    113 |      0 |     13 |     26 |   1 |  113.0 |
        Bailey |    359 |    359 |      0 |    165 |     13 |   1 |  359.0 |
               +--------+--------+--------+--------+--------+-----+--------+

Top non-repeatable levels by time:
     D:3: 1504 daAuts
    D:11: 1467 daAuts
     D:7: 1274 daAuts
     D:1: 1246 daAuts
    D:10: 1241 daAuts
     D:5: 1099 daAuts
     D:8: 1042 daAuts
     D:9: 1006 daAuts
     D:2: 987 daAuts
     D:6: 962 daAuts
  Lair:1: 928 daAuts
     D:4: 722 daAuts
  Bailey: 359 daAuts
  Temple: 230 daAuts
   Sewer: 113 daAuts
